 Dungeon Crawl Stone Soup version 0.19.1-1-g22dce08 (webtiles) character file.

519 theAP the Cudgeler (level 7, -2/44 HPs)
             Began as a Gargoyle Fighter on Jan 2, 2017.
             Was an Initiate of Ashenzari.
             Slain by Edmund
             ... wielding a +3 dire flail of protection
              (6 damage)
             ... on level 4 of the Dungeon.
             The game lasted 00:08:42 (3097 turns).

theAP the Cudgeler (Gargoyle Fighter)               Turns: 3097, Time: 00:08:43

Health: -2/44      AC: 12    Str: 27    XL:     7   Next: 21%
Magic:  7/7        EV:  8    Int:  8    God:    Ashenzari [......]
Gold:   86         SH: 10    Dex:  9    Spells: 0 memorised, 6 levels left

rFire  . . .     SeeInvis .     a - +0 flail
rCold  . . .     Gourm    .     b - +0 scale mail
rNeg   + . .     Faith    .     c - +0 shield (curse)
rPois  ∞         Spirit   .     s - +0 helmet (curse)
rElec  +         Reflect  .     (no cloak)
rCorr  .         Harm     .     (no gloves)
MR     .....                    (no boots)
Stlth  ..........               h - amulet of regeneration (curse)
                                (no ring)
                                (no ring)

@: mighty
A: negative energy resistance 1, electricity resistance, unbreathing,
petrification resistance, rot immunity, AC +4
a: Curse Item, Renounce Religion


You were on level 4 of the Dungeon.
You worshipped Ashenzari.
Ashenzari was noncommittal.
You were not hungry.

You visited 1 branch of the dungeon, and saw 4 of its levels.

You collected 86 gold pieces.

Inventory:

Hand Weapons
 a - a +0 flail (weapon)
Armour
 b - a +0 scale mail (worn)
 c - a cursed +0 shield (worn)
 s - a cursed +0 helmet (worn)
Jewellery
 h - a cursed amulet of regeneration (around neck)
Scrolls
 i - a scroll of teleportation
 l - a scroll of enchant armour {unknown}
 m - a scroll of magic mapping
 q - a scroll of amnesia
Potions
 d - a potion of might
 e - 2 potions of cure mutation {unknown}
 j - a potion of lignification {unknown}
 k - a potion of flight {unknown}
 n - a potion of berserk rage {unknown}
 o - a potion of haste {unknown}
 p - a potion of magic {unknown}
Comestibles
 f - 4 bread rations
 g - a meat ration


   Skills:
 + Level 5.2 Fighting
 * Level 6.1 Maces & Flails
 - Level 3.6 Armour
 - Level 0.7 Dodging
 - Level 3.7 Shields


You had 6 spell levels left.
You didn't know any spells.

Dungeon Overview and Level Annotations

Branches:
Dungeon (4/15)             Temple (0/1) D:4

Altars:
Ashenzari

Annotations:
D:4 Edmund


Innate Abilities, Weirdness & Mutations

You are resistant to torment.
Your stone body is resilient. (AC +4)
You are immune to poison.
You resist negative energy. (rN+)
You are resistant to electric shocks. (rElec)
You can survive without breathing.
You are immune to petrification.
You are immune to rotting.


Message History

You hit Edmund but do no damage.
Edmund is almost dead.
You block Edmund's attack.
You hit Edmund but do no damage.
Edmund is almost dead.
Edmund hits you with a dire flail of protection!
You completely miss Edmund.
Edmund is almost dead.
You block Edmund's attack.
You hit Edmund but do no damage.
Edmund is almost dead.
Edmund hits you with a dire flail of protection!
* * * LOW HITPOINT WARNING * * *
You hit Edmund but do no damage.
Edmund is almost dead.
Edmund hits you with a dire flail of protection.
* * * LOW HITPOINT WARNING * * *
You feel very mighty all of a sudden.
Edmund hits you with a dire flail of protection.
You die...

(#. ##. ...
#.## ...#
#..###.#.
#######....[...
.(##.@@...(.#
#.##.##.#####
####.##.# .#
#.......# .# .#
#.##.##.##.#
.##
#........#.#
##..#
#........#.#
..#.#
###..>....[#.#
#.#.#
#..........#


You could see Edmund.

Vanquished Creatures
  The ghost of theAP the Cudgeler, an amateur GrMo (D:3)
  Blork the orc (D:4)
  A centaur skeleton (D:4)
  2 orc wizards (D:4)
  An iguana (D:3)
  A hound skeleton (D:3)
  Robin (D:2)
  7 gnolls
  6 adders
  An ooze (D:3)
  4 worms
  A dart slug (D:2)
  3 leopard geckos
  9 orcs
  A ball python (D:3)
  5 giant cockroaches
  10 hobgoblins
  3 jackals (D:2)
  4 quokkas
  10 bats
  5 frilled lizards
  17 goblins
  7 kobolds
  3 rats
  A bush (D:1)
105 creatures vanquished.

Notes
Turn   | Place    | Note
-------+----------+-------------------------------------------
     0 | D:1      | theAP the Gargoyle Fighter began the quest for the Orb.
     0 | D:1      | Reached XP level 1. HP: 14/14 MP: 1/1
   829 | D:1      | Reached XP level 2. HP: 7/19 MP: 2/2
  1227 | D:2      | Reached XP level 3. HP: 20/23 MP: 3/3
  1367 | D:2      | Reached skill level 3 in Maces & Flails
  1504 | D:2      | Noticed Robin
  1514 | D:2      | Reached XP level 4. HP: 28/28 MP: 4/4
  1566 | D:2      | Killed Robin
  1659 | D:2      | Reached skill level 4 in Maces & Flails
  1659 | D:2      | Reached XP level 5. HP: 18/33 MP: 5/5
  2060 | D:3      | Noticed theAP's ghost (amateur GrMo)
  2082 | D:3      | Killed theAP's ghost
  2082 | D:3      | Reached XP level 6. HP: 33/39 MP: 6/6
  2136 | D:3      | Reached skill level 5 in Maces & Flails
  2322 | D:3      | Found a shattered altar of Ashenzari.
  2347 | D:3      | Became a worshipper of Ashenzari the Shackled
  2874 | D:4      | Noticed Blork the orc
  2901 | D:3      | Reached skill level 5 in Fighting
  2983 | D:4      | Reached XP level 7. HP: 38/44 MP: 7/7
  3006 | D:4      | Killed Blork the orc
  3006 | D:4      | Reached skill level 6 in Maces & Flails
  3054 | D:4      | Found a staircase to the Ecumenical Temple.
  3063 | D:4      | Noticed Edmund
  3065 | D:4      | Noticed a dagger
  3097 | D:4      | Slain by Edmund

Skill      XL: |  1  2  3  4  5  6  7 |
---------------+----------------------+-----
Maces & Flails | 3 4 5 6 |  6.1
Fighting       | 4 5 |  5.2
Armour         | |  3.6
Dodging        | |  0.7
Shields        | |  3.7

Action                   |  1- 3 |  4- 6 |  7- 9 || total
-------------------------+-------+-------+-------++-------
Melee: Flail             |   227 |   331 |    50 ||   608
Invok: Curse Item        |       |     3 |       ||     3
  Use: Scroll            |     4 |     2 |       ||     6
       Potion            |       |       |     1 ||     1
  Eat: Meat ration       |     1 |       |       ||     1
       Chunk             |       |     2 |       ||     2
       Beef jerky        |       |     1 |       ||     1
Armor: Scale mail        |    99 |   238 |    21 ||   358
Dodge: Dodged            |    62 |   116 |     8 ||   186
Block: Shield            |   110 |   231 |    26 ||   367
